 Dungeon Sprint DCSS version 0.22.1-2-g9c5b331 (webtiles) character file.

552 diana the Carver (level 7, -13/69 HPs)
             Began as a Minotaur Fighter on Dec 25, 2018.
             Shot with a bolt by a yaktaur captain (41 damage)
             ... in the Dungeon (Sprint II: "The Violet Keep of Menkaure").
             The game lasted 00:01:51 (728 turns).

diana the Carver (Minotaur Fighter)                  Turns: 728, Time: 00:01:53

Health: -13/69     AC:  0    Str: 27    XL:     7   Next: 8%
Magic:  6/6        EV: 17    Int:  5    God:
Gold:   486        SH:  0    Dex: 10    Spells: 6/6 levels left

rFire    . . .     SeeInvis .   (weapon currently unavailable)
rCold    . . .     Gourm    .   (shield currently unavailable)
rNeg     . . .     Faith    .   (armour currently unavailable)
rPois    .         Spirit   .   (helmet currently unavailable)
rElec    .         Reflect  .   (cloak currently unavailable)
rCorr    .         Harm     .   (gloves currently unavailable)
MR       .....     NoTele   +   (boots currently unavailable)
Stlth    +.........             (no amulet)
HPRegen  0.21/turn              (ring currently unavailable)
MPRegen  0.10/turn              (ring currently unavailable)

@: mighty, pig-form, very quick
A: small, (retaliatory headbutt)
a: no special abilities


You were in the Dungeon.
You were not hungry.
You were a filthy swine.
You visited 1 branch You collected 486 gold pieces.

Inventory:

Hand Weapons
 a - a +0 long sword (melded)
Armour
 b - a +0 scale mail (melded)
 c - a +0 shield (melded)
Scrolls
 k - a scroll of blinking
Potions
 h - a potion of haste
 i - 2 potions of magic
 j - a potion of berserk rage
Comestibles
 f - a ration


   Skills:
 + Level 8.4 Fighting
 * Level 10.7 Long Blades
 + Level 8.1 Armour
 + Level 6.6 Dodging
 + Level 8.4 Shields


You had 6 spell levels left.
You didn't know any spells.
Your spell library was empty.

Dungeon Overview and Level Annotations

Branches:
Dungeon (1/1)

Altars:

Shops:
D =(!}?!*%

Annotations:
D exclusion: ice statue, Kirke, Roxanne


Innate Abilities, Weirdness & Mutations

((You reflexively headbutt those who attack you in melee.))
((You have a pair of horns on your head.))


Message History

Kirke is lightly wounded.
Kirke closely misses you.
You completely miss Kirke.
Kirke is lightly wounded.
Kirke hits you!
You closely miss Kirke.
Kirke is lightly wounded.
Kirke gestures at you while chanting.
You feel a momentary urge to oink.
You bite Kirke!
Kirke is lightly wounded.
The kobold demonologist begins to cast a cantrip, but forgets the words!
Kirke hits you!
You open the door.
A yaktaur captain comes into view.
The yaktaur captain shouts!
The yaktaur captain wields an arbalest.
The yaktaur captain shoots a bolt.
The bolt hits you!!!
Ouch! That really hurt!
You die...

###≈≈K......@..#
....#≈≈≈≈.##+##..#
....#≈≈≈≈## .##.####
∩...#≈≈≈≈ #m.#....#
.∩..#≈≈### $c ###..##
∩.∩.#≈##.# #'# #.##@.#
.∩.∩#c#..###.##$..#..#
..∩.'≈'##@cw<.'#
#+..###
.∩#≈#h.###.##...#K..§#
##≈##.###+## .##.....
≈≈####.#w####K≈....
≈≈≈#.###.#≈≈≈≈≈≈§.
#≈##.#.##w§§≈§≈≈§
#≈≈##w##≈≈≈≈≈≈§§§
#≈≈≈≈≈≈≈≈≈§≈§≈§§
#+++#+++#≈§≈≈≈≈≈ §§≈≈§
##≈§§###


You could see Kirke, a yaktaur captain, a tyrant leech and a centaur warrior.

Vanquished Creatures
  2 hippogriffs (D)
  Menkaure (D)
  4 worker ants (D)
7 creatures vanquished.

Vanquished Creatures (others)
  A polar bear (D)
  A crocodile (D)
2 creatures vanquished.

Grand Total: 9 creatures vanquished

Notes
Turn   | Place    | Note
-------+----------+-------------------------------------------
     0 | D        | diana the Minotaur Fighter began the quest for the Orb.
     0 | D        | Reached XP level 1. HP: 19/19 MP: 0/0
     1 | D        | Noticed a worker ant
     1 | D        | Noticed a worker ant
     7 | D        | Killed a worker ant
     7 | D        | Reached skill level 4 in Long Blades
     7 | D        | Reached XP level 2. HP: 16/28 MP: 1/1
     9 | D        | Reached skill level 5 in Long Blades
     9 | D        | Reached XP level 3. HP: 18/35 MP: 2/2
     9 | D        | Killed a crocodile
    15 | D        | Reached skill level 5 in Fighting
    15 | D        | Reached skill level 5 in Armour
    15 | D        | Reached skill level 5 in Shields
    15 | D        | Reached XP level 4. HP: 7/42 MP: 3/3
    20 | D        | Reached skill level 6 in Long Blades
   256 | D        | Found Feamyil's General Store.
   256 | D        | Found Raenkity's Magic Scroll Shop.
   256 | D        | Found Moj Soaf's Antique Weapon Boutique.
   256 | D        | Found Ruthrahe's Distillery.
   256 | D        | Found Uheol's Jewellery Shop.
   266 | D        | Noticed a hippogriff
   266 | D        | Noticed a hippogriff
   275 | D        | Killed a hippogriff
   275 | D        | Reached skill level 8 in Long Blades
   275 | D        | Reached skill level 5 in Dodging
   275 | D        | Reached XP level 5. HP: 18/52 MP: 4/4
   281 | D        | HP: 2/52 [hippogriff (7)]
   283 | D        | Killed a hippogriff
   283 | D        | Reached skill level 10 in Long Blades
   283 | D        | Reached XP level 6. HP: 2/61 MP: 5/5
   583 | D        | Noticed Roxanne
   586 | D        | Found Jacautye's Food Shop.
   606 | D        | Noticed Menkaure
   609 | D        | Noticed an ice statue
   615 | D        | Killed Menkaure
   615 | D        | Reached XP level 7. HP: 36/69 MP: 6/6
   677 | D        | Noticed Kirke
   677 | D        | Noticed a skeletal warrior
   677 | D        | Noticed a kobold demonologist
   678 | D        | Found Bof Laxtal's Distillery.
   678 | D        | Noticed a centaur warrior
   692 | D        | Noticed a tyrant leech
   713 | D        | Noticed a merfolk siren
   715 | D        | Killed a polar bear
   728 | D        | Found Heh Kavo's Gadget Shop.
   728 | D        | Noticed a yaktaur captain
   728 | D        | Shot with a bolt by a yaktaur captain

Skill      XL: |  1  2  3  4  5  6 |
---------------+-------------------+-----
Fighting       | 4 5 7 8 |  8.4
Long Blades    | 4 5 8 10 | 10.7
Armour         | 4 5 6 7 8 |  8.1
Dodging        | 2 3 5 6 |  6.6
Shields        | 4 5 7 8 |  8.4

Action                   |  1- 3 |  4- 6 |  7- 9 || total
-------------------------+-------+-------+-------++-------
Melee: Long sword        |    11 |    25 |       ||    36
       Headbutt          |     3 |    10 |       ||    13
       Unarmed           |       |       |     8 ||     8
  Use: Potion            |       |     2 |     1 ||     3
Armor: Scale mail        |     2 |     4 |       ||     6
Dodge: Dodged            |     4 |    15 |     2 ||    21
Block: Shield            |     5 |    15 |       ||    20
       Rpst.: Long sword |     2 |     2 |       ||     4
